 Dungeon Crawl Stone Soup version 0.31-a0-214-gb37851dbb3 (webtiles) character file.

Game seed: 4070861396706539689

97 qw the Chopper (level 4, -2/28 HPs)
             Began as a Gargoyle Fighter on July 1, 2023.
             Slain by Sigmund
             ... wielding a +0 scythe
              (7 damage)
             ... on level 2 of the Dungeon.
             The game lasted 00:00:55 (1631 turns).

qw the Chopper (Gargoyle Fighter)                   Turns: 1631, Time: 00:00:56

Health: -2/28      AC: 11    Str: 22    XL:     4   Next: 68%
Magic:  4/4        EV:  9    Int:  8    God:
Gold:   57         SH:  4    Dex:  9    Spells: 3/3 levels left

rFire   . . .        Y - +1 war axe
rCold   . . .        c - +0 buckler
rNeg    + . .        b - +0 scale mail
rPois   inf          (no helmet)
rElec   +            h - +0 cloak
rCorr   .            (no gloves)
SInv    .            (no boots)
Will    .....        (no amulet) Stlth
                     (no ring)
HPRegen 0.24/turn    (no ring)
MPRegen 0.09/turn

%: no passive effects
@: no status effects
A: sickness immunity, AC +3, negative energy resistance 1, electricity
resistance, torment resistance 1, petrification resistance
a: no special abilities


You were on level 2 of the Dungeon.
You visited 1 branch of the dungeon, and saw 2 of its levels.

You collected 57 gold pieces.


Innate Abilities, Weirdness & Mutations

You are immune to sickness and miasma.
Your stone body is resilient. (AC +3)
You are immune to poison.
You resist negative energy. (rN+)
You are resistant to electric shocks. (rElec)
You are resistant to unholy torment.
You are immune to petrification.


   Skills:
 - Level 3.2 Fighting
 + Level 4.3 Axes
 - Level 3.2 Armour
 - Level 3.2 Shields


You had 3 spell levels left.
You didn't know any spells.
Your spell library was empty.

Inventory:

Hand Weapons
 f - the +9 mace of Gehenna {speed, rN+ Str+2}
   (You found it on level 2 of the Dungeon)

   Str:       It affects your strength (+2).
   rN:        It protects you from negative energy.
 Y - a +1 war axe (weapon)
Armour
 b - a +0 scale mail (worn)
 c - a +0 buckler (worn)
 h - a +0 cloak (worn)
Jewellery
 j - a +6 ring of dexterity
Scrolls
 e - a scroll of teleportation {unknown}
 g - a scroll of blinking {unknown}
Potions
 a - a potion of cancellation {unknown}
 d - a potion of might
 i - a potion of ambrosia {unknown}
 k - a potion of heal wounds {unknown}

Dungeon Overview and Level Annotations

Branches:
Dungeon (2/15)

Altars:

Annotations:
D:2 Sigmund


Message History

You closely miss Sigmund.
Sigmund gestures wildly while chanting.
Sigmund flickers and vanishes!
Deactivating autopickup; reactivate with Ctrl-A.
You miss something. Something hits you but does no damage.
You barely miss something. Something hits you!
You closely miss something. Something hits you but does no damage.
You barely miss something. Something hits you!
You barely miss something.
You hear some strange, mumbled words.
Something tries to affect you, but you resist.
You slash something! Something hits you but does no damage.
You closely miss something. Something hits you but does no damage.
You closely miss something. Something hits you but does no damage.
You slash something! Something hits you.
You barely miss something.
You hear some strange, mumbled words.
A magic dart appears from out of thin air!
The magic dart hits you.
You miss something.
You hear some strange, mumbled words.
A puff of flame appears from out of thin air!
The puff of flame hits you.
You barely miss something. Something hits you but does no damage.
You barely miss something.
You hear some strange, mumbled words.
A magic dart appears from out of thin air!
The magic dart hits you.
You closely miss something. Something hits you!
You die...

#.# ### #.# #.# #.#
##### #.# #...#
######+##### #...#
#......$...# #...######
#.....{....#
#........###....@.....#
#........##.....%.....#
..............=.......#
....####%###..........#
#.### #..# #..........#
#..# #.## #..........#
##.# #. #..........# .#
.. ############ .> ...


There were no monsters in sight!

Vanquished Creatures
  Terence (D:2)
  2 adders (D:2)
  4 dart slugs
  5 bats
  4 endoplasms
  2 giant cockroaches
  7 hobgoblins
  8 kobolds
  2 quokkas (D:1)
  2 ball pythons
  2 frilled lizards
  A goblin (D:1)
  5 rats
45 creatures vanquished.

Notes
Turn   | Place    | Note
-------+----------+-------------------------------------------
     0 | D:1      | qw the Gargoyle Fighter began the quest for the Orb.
     0 | D:1      | Reached XP level 1. HP: 14/14 MP: 1/1
     0 | D:1      | 0 ||| qw: Version: 0.3-a-32-g5962c71
     0 | D:1      | 0 ||| qw: Game counter: 7531
     0 | D:1      | 0 ||| qw: Melee chars always use a shield: true
     0 | D:1      | 0 ||| qw: God list: Okawaru
     0 | D:1      | 0 ||| qw: Allow faded altars: false
     0 | D:1      | 0 ||| qw: Do Orc after clearing Dungeon:15 true
     0 | D:1      | 0 ||| qw: Do second Lair branch before Depths: true
     0 | D:1      | 0 ||| qw: Lair rune preference: random
     0 | D:1      | 0 ||| qw: Goals: Normal, Zot:1-4, Slime:5, God:TSO, Crypt,
                  | Tomb, Abyss, Pan, Hells, Win
     0 | D:1      | 0 ||| PLANNING D:1-11
    77 | D:1      | Reached skill level 2 in Axes
   194 | D:1      | Reached XP level 2. HP: 19/19 MP: 2/2
   384 | D:1      | 384 ||| Stepping ~*~*~tactically~*~*~ (hiding).
   671 | D:1      | Reached skill level 3 in Axes
   671 | D:1      | Reached XP level 3. HP: 20/23 MP: 3/3
   691 | D:1      | 691 ||| Stepping ~*~*~tactically~*~*~ (stealth).
   692 | D:1      | 692 ||| Stepping ~*~*~tactically~*~*~ (stealth).
   695 | D:1      | 695 ||| Stepping ~*~*~tactically~*~*~ (hiding).
   696 | D:1      | 696 ||| Stepping ~*~*~tactically~*~*~ (hiding).
   858 | D:1      | 858 ||| Stepping ~*~*~tactically~*~*~ (stealth).
   859 | D:1      | 859 ||| Stepping ~*~*~tactically~*~*~ (stealth).
   879 | D:1      | 879 ||| Stepping ~*~*~tactically~*~*~ (hiding).
  1181 | D:1      | 1181 ||| UPGRADING to +0 cloak.
  1186 | D:1      | 1186 ||| READING scroll labelled KADUSTR IWEC.
  1187 | D:1      | 1187 ||| READING scroll labelled ACREKI CAONOBY.
  1188 | D:1      | 1188 ||| READING scroll labelled EJEYPU ZEPIM.
  1189 | D:1      | 1189 ||| DRINKING 2 fuming white potions.
  1294 | D:1      | 1294 ||| DROPPING potion of berserk rage.
  1484 | D:2      | 1484 ||| Stepping ~*~*~tactically~*~*~ (hiding).
  1486 | D:2      | 1486 ||| Stepping ~*~*~tactically~*~*~ (hiding).
  1512 | D:2      | Identified the +9 mace of Gehenna {speed, rN+ Str+2}
  1514 | D:2      | 1514 ||| DROPPING +0 whip of freezing.
  1549 | D:2      | Noticed Terence
  1550 | D:2      | 1550 ||| Stepping ~*~*~tactically~*~*~ (stealth).
  1551 | D:2      | 1551 ||| Stepping ~*~*~tactically~*~*~ (stealth).
  1553 | D:2      | 1553 ||| Stepping ~*~*~tactically~*~*~ (stealth).
  1560 | D:2      | Killed Terence
  1561 | D:2      | Reached skill level 4 in Axes
  1561 | D:2      | Reached XP level 4. HP: 28/28 MP: 4/4
  1610 | D:2      | Noticed Sigmund
  1628 | D:2      | HP: 5/28 [something/puff of flame (5)]
  1631 | D:2      | Slain by Sigmund

Levels and vault maps discovered:
D:1:      psy_arrival_conway, layout_basic
D:2:      layout_basic, uniq_sigmund, uniq_terence

Skill      XL: |  1  2  3 |
---------------+----------+-----
Axes           | 2 3 4 |  4.3
Fighting       | |  3.2
Armour         | |  3.2
Shields        | |  3.2

Action                     |  1- 3 |  4- 6 || total
---------------------------+-------+-------++-------
  Melee: War axe           |    86 |    28 ||   114
    Use: Scroll            |     3 |       ||     3
         Potion            |     1 |       ||     1
 Armour: Scale mail        |    35 |    14 ||    49
  Dodge: Dodged            |    29 |    10 ||    39
  Block: Buckler           |    11 |     2 ||    13

Table legend:
 A = Non-vault XP
 B = Vault XP
 C = Vault XP percentage of total XP
 D = Non-vault monster count
 E = Vault monster count
 F = Vault count percentage of total count
                 A         B        C        D         E       F
            +---------+---------+-------+---------+---------+-------
      Total |     103 |      36 |  25.9 |      44 |       1 |   2.2
            +---------+---------+-------+---------+---------+-------
        D:1 |      49 |       0 |   0.0 |      29 |       0 |   0.0
        D:2 |      54 |      36 |  40.0 |      15 |       1 |   6.2
            +---------+---------+-------+---------+---------+-------
